 Dungeon Crawl Stone Soup version 0.29-a0-577-gafbf2c5d25 (webtiles) character file.

Game seed: 5471317984223019933

18 DocClef the Sneak (level 2, -2/26 HPs)
             Began as a Draconian Delver on June 13, 2022.
             Killed from afar by an orc wizard (6 damage)
             ... with a magic dart
             ... on level 5 of the Dungeon.
             The game lasted 00:00:10 (256 turns).

DocClef the Sneak (Draconian Delver)                 Turns: 256, Time: 00:00:11

Health: -2/26      AC: -4    Str: 14    XL:     2   Next: 48%
Magic:  2/2        EV: 12    Int: 10    God:
Gold:   0          SH:  0    Dex: 12    Spells: 1/1 levels left

rFire   . . .      SeeInvis .   a - +0 short sword
rCold   . . .      Faith    .   (no shield)
rNeg    . . .      Spirit   .   (body armour unavailable)
rPois   .          Reflect  .   (helmet restricted)
rElec   .          Harm     .   (no cloak)
rCorr   .          Rampage  .   (no gloves)
Will    .....                   (no boots)
Stlth   +++.......              (no amulet)
HPRegen 0.08/turn               (no ring)
MPRegen 0.08/turn               (no ring)

@: corroded
A: AC +4, unfitting armour, cold-blooded
a: no special abilities


You were on level 5 of the Dungeon.
You visited 1 branch of the dungeon, and saw 1 of its levels.

Inventory:

Hand Weapons
 a - a +0 short sword (weapon)
Wands
 f - a wand of digging (3)
 g - a wand of iceblast (5)
Scrolls
 b - a scroll of fog
 c - a scroll of magic mapping
 d - a scroll of fear
 h - 2 scrolls of identify {unknown}
Potions
 e - a potion of haste


   Skills:
 + Level 3.4 Fighting
 + Level 2.1 Short Blades
 + Level 1.8 Dodging
 + Level 5.0 Stealth


You had one spell level left.
You didn't know any spells.
Your spell library was empty.

Dungeon Overview and Level Annotations

Branches:
Dungeon (5/15)
 Temple: D:4-7

Altars:


Innate Abilities, Weirdness & Mutations

Your plain brown scales are hard. (AC +4)
You cannot fit into any form of body armour.
You are cold-blooded and may be slowed by cold attacks.


Message History

No target in view!
No target in view!
No target in view!
No target in view!
No target in view!
HP restored.
h - 2 scrolls labelled QATHRY CASUO (gained 1)
A jelly comes into view.
A jelly is nearby!
A jelly is nearby!
A jelly is nearby!
An orc wizard comes into view. It is wielding a +0 dagger.
The helpless jelly fails to defend itself.
You puncture the jelly!
Your hands burn!
The jelly is severely wounded.
The jelly hits you. The acid corrodes you!
You are splashed with acid.
You completely miss the jelly. You tail-slap the jelly.
The jelly is almost dead.
The jelly hits you. The acid corrodes you!
You are splashed with acid!
You are too injured to fight recklessly!
You are too injured to fight recklessly!
You are too injured to fight recklessly!
You are too injured to fight recklessly!
You are too injured to fight recklessly!
You are too injured to fight recklessly!
You are too injured to fight recklessly!
You are too injured to fight recklessly!
You are too injured to fight recklessly!
You are too injured to fight recklessly!
You are too injured to fight recklessly!
You hit the jelly. The acid corrodes you!
Your hands burn!
* * * LOW HITPOINT WARNING * * *
The jelly is almost dead.
The jelly closely misses you.
Unknown command.
You hit the jelly.
You kill the jelly!
The orc wizard gestures at you while chanting.
The magic dart hits you.
You die...

########
#####...####.##
#####.
#..............
...####.
##.######..##.##
#...... #....#
#.##. #..#####
#....#####.... ##
#...........#. # #.
#....#....###..#
#...
#......##.......
...#
..........@.......
##
#..###########.o...
#.# .#. ..


You could see an orc wizard.

Vanquished Creatures
  A jelly (D:5)
  2 adders (D:5)
3 creatures vanquished.

Notes
Turn   | Place    | Note
-------+----------+-------------------------------------------
     0 | D:5      | DocClef the Draconian Delver began the quest for the Orb.
     0 | D:5      | Reached XP level 1. HP: 19/19 MP: 1/1
    73 | D:5      | Reached XP level 2. HP: 26/26 MP: 2/2
   135 | D:5      | Reached skill level 5 in Stealth
   256 | D:5      | Killed from afar by an orc wizard

Illustrated notes

Levels and vault maps discovered:
D:5:      minmay_goblin_kobold_castle, layout_rooms, uniq_prince_ribbit1

Skill      XL: |  1  2 |
---------------+-------+-----
Stealth        | 5 |  5.0
Fighting       | |  3.4
Short Blades   | |  2.1
Dodging        | |  1.8

Action                   || total
-------------------------++-------
Melee: Short sword       ||    23
       Tailslap          ||     3
 Stab: Sleeping          ||     1
Armor: Skin              ||     8
Dodge: Dodged            ||    12

Table legend: (Time is in decaauts)
 A = Elapsed time spent in this place.
 B = Non-inter-level travel time spent in this place.
 C = Inter-level travel time spent in this place.
 D = Time resting spent in this place.
 E = Time spent auto-exploring this place.
 F = Levels seen in this place.
 G = Mean time per level.
                   A        B        C        D        E       F      G
               +--------+--------+--------+--------+--------+-----+--------+
         Total |    256 |    256 |      0 |      0 |    219 |   1 |  256.0 |
       Dungeon |    256 |    256 |      0 |      0 |    219 |   1 |  256.0 |
               +--------+--------+--------+--------+--------+-----+--------+

Top non-repeatable levels by time:
     D:5: 256 daAuts
